 Dungeon Crawl Stone Soup version 0.28.0 (webtiles) character file.

Game seed: 5137309412056387661

19 Descartes the Grasshopper (level 2, -6/22 HPs)
             Began as a Formicid Warper on Feb 4, 2022.
             Mangled by Terence (8 damage)
             ... on level 2 of the Dungeon.
             The game lasted 00:03:08 (1496 turns).

Descartes the Grasshopper (Formicid Warper)         Turns: 1496, Time: 00:03:09

Health: -6/22      AC: 12    Str: 15    XL:     2   Next: 95%
Magic:  14/14      EV:  6    Int: 12    God:
Gold:   55         SH:  0    Dex: 10    Spells: 5/5 levels left

rFire   . . .      SeeInvis +   a - +0 hand axe
rCold   . . .      Faith    .   (no shield)
rNeg    . . .      Spirit   .   k - +0 chain mail
rPois   .          Reflect  .   (helmet unavailable)
rElec   .          Harm     .   (no cloak)
rCorr   .          Rampage  .   (no gloves)
Will    .....                   (no boots)
Stlth   ..........              (no amulet)
HPRegen 0.07/turn               h - +4 ring of protection
MPRegen 0.14/turn               g - ring of magical power

@: no status effects
A: permanent stasis, dig shafts and tunnels, antennae 3, four strong arms
a: Dig, Shaft Self


You were on level 2 of the Dungeon.
You visited 1 branch of the dungeon, and saw 2 of its levels.

You collected 55 gold pieces.

Inventory:

Hand Weapons
 a - a +0 hand axe (weapon)
 b - a +4 hunting sling
Missiles
 c - 5 boomerangs of dispersal (quivered)
 d - 62 stones
 f - 6 poisoned darts
 m - 25 sling bullets
Armour
 e - a +0 scale mail
 k - a +0 chain mail (worn)
 l - a +0 leather armour
Jewellery
 g - a ring of magical power (right hand)
 h - a +4 ring of protection (left hand)
Scrolls
 i - a scroll of identify {unknown}


   Skills:
 - Level 2.1 Fighting
 - Level 2.0 Axes
 - Level 1.0 Throwing
 + Level 1.8 Armour
 - Level 1.7 Dodging
 - Level 2.1 Spellcasting
 * Level 3.3 Translocations


You had 5 spell levels left.
You didn't know any spells.
Your spell library contained the following spells:

 Spells                   Type           Power      Damage    Failure   Level
 Sandblast                Erth           2%         2d4       99%         1
 Gell's Gravitas          Tloc           9%         N/A       99%         3
 Lesser Beckoning         Tloc           9%         N/A       99%         3
 Teleport Other           Tloc           9%         N/A       99%         3
 Passwall                 Tmut/Erth      0%         N/A       100%        2
 Stone Arrow              Conj/Erth      2%         3d7       100%        3
 Manifold Assault         Tloc           9%         N/A       100%        5
 Blink                    Tloc           Unusable   N/A       N/A         2

Dungeon Overview and Level Annotations

Branches:
Dungeon (2/15)

Altars:
Hepliaklqana

Shops:
D:2 [

Annotations:
D:2 Terence


Innate Abilities, Weirdness & Mutations

You cannot be hasted, slowed, berserked, paralysed or teleported.
You can dig through walls and to a lower floor.
You have a pair of large antennae on your head. (SInv)
Your four strong arms can wield two-handed weapons with a shield.


Message History

Terence is moderately wounded.
Terence hits you but does no damage.
You hit Terence but do no damage.
Terence is moderately wounded.
Terence hits you with a +0 trident.
You barely miss Terence.
Terence is moderately wounded.
Terence hits you with a +0 trident.
You closely miss Terence.
Terence is moderately wounded.
Terence hits you but does no damage.
You barely miss Terence.
Terence is moderately wounded.
Terence hits you with a +0 trident. Terence barely misses you.
You hit Terence but do no damage.
Terence is moderately wounded.
Terence barely misses you.
You hit Terence but do no damage.
Terence is moderately wounded.
Terence hits you but does no damage.
You hit Terence but do no damage.
Terence is moderately wounded.
Terence hits you but does no damage.
You hit Terence.
Terence is heavily wounded.
Terence hits you but does no damage.
You closely miss Terence.
Terence is heavily wounded.
Terence hits you but does no damage. Terence barely misses you.
You hit Terence but do no damage.
Terence is heavily wounded.
Terence hits you with a +0 trident.
You hit Terence.
Terence is severely wounded.
Terence hits you with a +0 trident.
* * * LOW HITPOINT WARNING * * *
You hit Terence but do no damage.
Terence is severely wounded.
Terence hits you with a +0 trident!
You die...

##########.# ..
#.##......... #.# #.#.
#.#####.##### ...
#.#.##.#####.#
#.#..#.##....#
#.##.#.##.##.#####
?.##.#.##.#.......
#.#.......#..#####
...####@#.............#
.......@#.#...###.####.#
#..................#
#.......#..........# #..
######.##..#...###[# #.#
#.##..#...###.# #.#
......#..>....# #.#
##.##....####### #.# #.
#.##.# #.#
#.##.##.####### #.#


You could see Terence.

Vanquished Creatures
  3 adders (D:2)
  2 ball pythons
  An endoplasm (D:2)
  A giant cockroach (D:1)
  3 goblins
  2 bats (D:1)
  A frilled lizard (D:1)
  2 kobolds
  A rat (D:1)
16 creatures vanquished.

Notes
Turn   | Place    | Note
-------+----------+-------------------------------------------
     0 | D:1      | Descartes the Formicid Warper began the quest for the Orb.
     0 | D:1      | Reached XP level 1. HP: 16/16 MP: 3/3
   551 | D:1      | Reached skill level 3 in Translocations
   551 | D:1      | Reached XP level 2. HP: 22/22 MP: 5/5
   553 | D:1      | Found a faded altar of an unknown god.
   557 | D:1      | Prayed at the altar of an unknown god.
   557 | D:1      | Became a worshipper of Hepliaklqana the Forgotten
   557 | D:1      | Reached * piety under Hepliaklqana
   558 | D:1      | Fell from the grace of Hepliaklqana
   883 | D:2      | Found Ufinlule's Armour Shoppe.
  1144 | D:2      | Was forgiven by Hepliaklqana
  1452 | D:2      | Noticed Terence
  1496 | D:2      | Mangled by Terence

Illustrated notes

Levels and vault maps discovered:
D:1:      dpeg_arrival_line_fractal, layout_basic,
          hellmonk_ecumenical_altar_heavens_door, minmay_misc_feat_nine_boxes,
          lemuel_old_faithful
D:2:      layout_basic, serial_shops, nicolae_shop_waterfront, basic_altar,
          minmay_misc_feat_square, minmay_three_crescents, uniq_terence

Skill      XL: |  1 |
---------------+----+-----
Translocations | 3 |  3.3
Fighting       | |  2.1
Axes           | |  2.0
Throwing       | |  1.0
Armour         | |  1.8
Dodging        | |  1.7
Spellcasting   | |  2.1

Action                   || total
-------------------------++-------
Melee: Hand axe          ||   103
 Fire: Hunting sling     ||     4
Invok: Renounce Religion ||     1
  Use: Potion            ||     1
Armor: Scale mail        ||    20
       Leather armour    ||     4
       Chain mail        ||    38
Dodge: Dodged            ||    37
